 Dungeon Crawl Stone Soup version 0.27.1-3-gb3d3a73c9e (webtiles) character file.

Game seed: 10058331411216375059

22671 jlumianski the Pandemonic (level 12, -5/109 HPs)
             Began as a Deep Dwarf Fighter on Oct 8, 2021.
             Was a High Priest of Makhleb.
             Slain by a death scarab (17 damage)
             ... in a Gauntlet.
             The game lasted 01:17:19 (12402 turns).

jlumianski the Pandemonic (Deep Dwarf Fighter)     Turns: 12402, Time: 01:17:20

Health: -5/109     AC: 14    Str: 24    XL:     12   Next: 65%
Magic:  22/22 (13) EV: 13    Int: 10    God:    Makhleb [*****.]
Gold:   548        SH: 12    Dex: 12    Spells: 17/17 levels left

rFire    . . .     SeeInvis .   C - +7 spear (vamp)
rCold    . . .     Faith    .   c - +0 kite shield
rNeg     . . .     Spirit   .   u - +3 leather armour
rPois    .         Reflect  .   g - +0 helmet
rElec    .         Harm     .   h - scarf {repulsion}
rCorr    .         Rampage  .   H - +0 pair of gloves
Will     +....     NoTele   +   v - +0 pair of boots
Stlth    +.........             i - amulet of the acrobat
HPRegen  0.00/turn              Q - +4 ring of protection
MPRegen  0.18/turn              r - ring of magical power

@: slowed, repel missiles, very slow
A: damage resistance, heal wounds, sense surroundings 2, no regeneration
a: Heal Wounds, Renounce Religion, Minor Destruction, Lesser Servant of Makhleb,
Major Destruction, Greater Servant of Makhleb


You were in a Gauntlet.
You worshipped Makhleb.
Makhleb was extremely pleased with you.
You visited 2 branches of the dungeon, and saw 14 of its levels.
You also visited: Sewer and Gauntlet.

You collected 548 gold pieces.

Inventory:

Hand Weapons
 a - a +0 war axe of venom
 q - a +2 hand axe of freezing
 C - a +7 vampiric spear (weapon)
 S - a +2 vampiric dagger
Missiles
 x - 136 poisoned darts (quivered)
Armour
 b - +0 acid dragon scales
 c - a +0 kite shield (worn)
 g - a +0 helmet (worn)
 h - a scarf of repulsion (worn)
 u - a +3 leather armour (worn)
 v - a +0 pair of boots (worn)
 H - a +0 pair of gloves (worn)
Jewellery
 i - an amulet of the acrobat (around neck)
 l - a ring of poison resistance
 m - a ring of protection from cold
 r - a ring of magical power (right hand)
 w - a ring of fire
 Q - a +4 ring of protection (left hand)
Wands
 R - a wand of polymorph (13)
 V - a wand of digging (5)
Scrolls
 j - a scroll of identify
 n - 3 scrolls of teleportation
 s - a scroll of blinking
 t - a scroll of magic mapping
 O - 2 scrolls of fear
 T - a scroll of vulnerability
Potions
 d - a potion of might
 e - 3 potions of flight
 f - 5 potions of curing
 k - 3 potions of haste
 o - 4 potions of heal wounds
 p - a potion of mutation
 A - a potion of berserk rage
 E - a potion of invisibility
 I - 2 potions of cancellation
 K - a potion of lignification
 M - a potion of resistance


   Skills:
 * Level 7.0 Fighting
 - Level 6.8(9.7) Axes
 * Level 9.1(9.8) Polearms
 - Level 2.2 Throwing
 * Level 7.1 Armour
 + Level 7.4 Dodging
 - Level 1.0 Stealth
 + Level 9.6 Shields
 * Level 3.1 Spellcasting
 * Level 9.8 Invocations
 * Level 9.5 Evocations


You had 17 spell levels left.
You didn't know any spells.
Your spell library contained the following spells:

 Spells                   Type           Power      Damage    Failure   Level
 Animate Skeleton         Necr           2%         N/A       52%         1
 Apportation              Tloc           2%         N/A       52%         1
 Corona                   Hex            1%         N/A       52%         1
 Shock                    Conj/Air       4%         1d3       52%         1
 Summon Small Mammal      Summ           4%         N/A       52%         1
 Ensorcelled Hibernation  Hex/Ice        2%         N/A       67%         2
 Conjure Flame            Conj/Fire      1%         6-21      88%         3
 Ignite Poison            Fire/Tmut/Pois 1%         N/A       88%         3
 Spider Form              Tmut/Pois      0%         N/A       88%         3
 Swiftness                Air            1%         N/A       88%         3
 Airstrike                Air            0%         N/A       99%         4
 Animate Dead             Necr           0%         N/A       99%         4
 Hailstorm                Conj/Ice       1%         3d3       99%         4
 Ice Form                 Ice/Tmut       1%         N/A       99%         4
 Sticky Flame             Conj/Fire      1%         2d3       99%         4
 Borgnjor's Vile Clutch   Necr/Erth      0%         N/A       100%        5
 Death Channel            Necr           0%         N/A       100%        6
 Shadow Creatures         Summ           N/A        N/A       100%        6
 Simulacrum               Ice/Necr       0%         N/A       100%        6


Dungeon Overview and Level Annotations

Branches:
Dungeon (13/15)            Temple (1/1) D:4            Lair (0/6) D:10
    Orc (0/2) D:10          Sewer (visited)         Gauntlet (1/1)
 Vaults: D:13-14

Altars:
Ashenzari
Cheibriados
Dithmenos
Elyvilon
Fedhas
Gozag
Hepliaklqana
Makhleb
Nemelex Xobeh
Okawaru
Qazlal
Ru
Sif Muna
Trog
Uskayaw
Vehumet
Wu Jian
Xom
Yredelemnul
Zin
The Shining One

Shops:
D:8 *   D:12 (

Portals:
Trove: D:10 (give 9 potions of haste)

Annotations:
Gauntlet 15 transporters


Innate Abilities, Weirdness & Mutations

You are resistant to damage.
You can heal yourself by infusing magical energy.
You passively map the area around you.
You do not regenerate.


Message History

The spectral black mamba is almost destroyed.
You feel yourself speed up.
You block the spectral black mamba's attack.
The spectral black mamba bites you but does no damage.
You hit the spectral black mamba but do no damage.
The spectral black mamba is almost destroyed.
The spectral black mamba closely misses you.
You hit the spectral black mamba.
You destroy the spectral black mamba!
Makhleb accepts your kill. You block the death scarab's attack.
You block the death scarab's attack.
You hit the death scarab.
The death scarab is lightly damaged.
The death scarab bites you! The death scarab drains your vigour!
You feel yourself slow down.
The death scarab draws strength from your injuries!
The death scarab enters a dispersal trap!
You blink.
The death scarab blinks!
The death scarab completely misses you.
The death scarab waves its antennae.
The death scarab completely misses you. The death scarab closely misses you.
You block the death scarab's attack. The death scarab completely misses you.
The death scarab bites you! The death scarab drains your vigour!
You feel as though you will be slow longer.
The death scarab draws strength from your injuries!
The death scarab closely misses you. The death scarab completely misses you.
The death scarab bites you but does no damage.
You block the death scarab's attack.
You closely miss the death scarab. The death scarab bites you!
* * * LOW HITPOINT WARNING * * *
The death scarab drains your vigour!
You feel as though you will be slow longer.
The death scarab draws strength from your injuries!
The death scarab closely misses you. The death scarab bites you!
* * * LOW HITPOINT WARNING * * *
The death scarab draws strength from your injuries!
You fail to use your ability.
The death scarab bites you!!
You die...

###################.∩.######
#≈..........................
###...................©.......
#8#..###########.###########.#
###..#.....#...#.#.....##..#.#
#....#.^##..#..#.#.†###.##.#.#
###....#..#..##..#.#.##.##.#.#.#
#8#..###..##..#..#.#.#.#.#.#.#.#
###..#©#©.#.©##@.#.#.#.#©#.#.#.#
#..#.#?.##.^#B.#.#.#.#.#.#.#.#
###..#.#!.#^.##..#.#.#.##.##.#.#
#8#..#.#.^##..#..#.#.##.###..#.#
####..#.#.....#...#.##©##.....#.#
......#.#########################
......#.#≈≈8≈≈#©.........©.......
#######.#########################
.......©...........©#§§≈≈8≈§§≈#©.


You could see a death scarab.

Vanquished Creatures
  A bunyip (D:11)
  A centaur warrior (D:8)
  6 two-headed ogres
  An alligator (shapeshifter) (Gauntlet)
  Pikel (D:7)
  2 cyclopes
  3 ugly things
  2 unseen horrors
  3 gargoyles
  2 komodo dragons (D:12)
  A troll (shapeshifter) (Gauntlet)
  4 trolls
  Prince Ribbit (D:5)
  Grinder (D:6)
  6 slime creatures
  A spectral black mamba (Gauntlet)
  3 wraiths (D:13)
  2 wyverns (D:8)
  6 yaks (D:9)
  2 steam dragons
  Eustachio (D:4)
  3 vampire mosquitoes (D:11)
  3 acid dragons
  2 water moccasins
  Duvessa (D:7)
  6 orc warriors
  2 sky beasts (D:7)
  4 black bears
  4 necrophages
  An ice beast (D:7)
  9 centaurs
  4 ogres
  4 kobold brigands
  2 gnoll sergeants
  2 scorpions (D:10)
  7 bullfrogs
  A water moccasin zombie (D:7)
  A water moccasin skeleton (D:7)
  Dowan (D:7)
  A killer bee (D:7)
  6 wights
  9 howler monkeys
  An electric eel (D:9)
  A bullfrog zombie (D:5)
  2 hounds
  8 jellies
  Crazy Yiuf (D:2)
  7 orc priests
  3 bullfrog skeletons
  6 centaur zombies
  4 centaur skeletons
  5 orc wizards
  Natasha (D:4)
  4 iguanas
  A howler monkey zombie (D:8)
  11 gnolls
  5 adders
  A river rat (Sewer)
  A shadow imp (D:7)
  3 white imps (D:7)
  A worm (D:3)
  5 dart slugs
  24 orcs
  4 bats
  19 endoplasms
  11 giant cockroaches
  9 goblins
  2 hobgoblins (D:2)
  6 jackals
  18 kobolds
  6 quokkas
  7 ball pythons
  3 frilled lizards
  7 rats
310 creatures vanquished.

Vanquished Creatures (collateral kills)
  An oklob plant (D:8)
1 creature vanquished.

Vanquished Creatures (others)
  23 demonic plants (Gauntlet)
  15 fungi
  25 plants
63 creatures vanquished.

Grand Total: 374 creatures vanquished

Notes
Turn   | Place    | Note
-------+----------+-------------------------------------------
     0 | D:1      | jlumianski the Deep Dwarf Fighter began the quest for the
                  | Orb.
     0 | D:1      | Reached XP level 1. HP: 20/20 MP: 1/1
    98 | D:1      | Reached XP level 2. HP: 25/27 MP: 2/2
   319 | D:1      | Found a faded altar of an unknown god.
   322 | D:1      | Reached XP level 3. HP: 20/34 MP: 3/3
  1173 | D:2      | Reached XP level 4. HP: 42/42 MP: 4/4
  1647 | D:2      | Found a runed translucent door.
  1648 | D:2      | Noticed Crazy Yiuf
  1662 | D:2      | Killed Crazy Yiuf
  1663 | D:2      | Reached XP level 5. HP: 49/49 MP: 5/5
  1705 | D:2      | Identified a scroll of acquirement
  1705 | D:2      | Acquired a scarf of repulsion
  2633 | D:3      | Reached skill level 1 in Dodging
  2819 | D:4      | Reached XP level 6. HP: 38/50 MP: 5/5
  2835 | D:5      | Entered Level 5 of the Dungeon
  2855 | D:4      | Noticed Eustachio
  2916 | D:4      | Killed Eustachio
  2917 | D:4      | Reached skill level 5 in Axes
  3161 | D:4      | Found a staircase to the Ecumenical Temple.
  3175 | Temple   | Entered the Ecumenical Temple
  3255 | Temple   | Became a worshipper of Makhleb the Destroyer
  3300 | D:4      | Noticed Natasha
  3309 | D:4      | Killed Natasha
  3416 | D:4      | Reached skill level 5 in Shields
  3777 | D:5      | Reached XP level 7. HP: 41/62 MP: 6/6
  3821 | D:5      | Reached skill level 1 in Invocations
  3821 | D:5      | Reached skill level 1 in Evocations
  4001 | D:5      | Noticed Prince Ribbit
  4029 | D:5      | Killed Prince Ribbit
  4030 | D:5      | Reached skill level 1 in Throwing
  4030 | D:5      | Reached XP level 8. HP: 59/72 MP: 8/8
  4440 | D:6      | Noticed Grinder
  4440 | D:6      | Paralysed by Grinder for 7 turns
  4474 | D:6      | Killed Grinder
  4536 | D:6      | Reached * piety under Makhleb
  4575 | D:6      | Reached skill level 5 in Armour
  4783 | D:6      | Found a glowing drain.
  4803 | Sewer    | Entered a sewer
  4816 | Sewer    | Reached skill level 1 in Polearms
  4886 | Sewer    | Reached ** piety under Makhleb
  4913 | Sewer    | Found a white marble altar of Elyvilon.
  5239 | D:7      | Reached skill level 1 in Stealth
  5260 | D:7      | Gained mutation: You passively map the area around you.
                  | [Deep Dwarf growth]
  5260 | D:7      | Reached XP level 9. HP: 72/78 MP: 11/11
  5363 | D:7      | Noticed a troll
  5380 | D:7      | Reached skill level 5 in Invocations
  5380 | D:7      | Reached skill level 5 in Evocations
  5418 | D:7      | Killed an unseen horror
  5432 | D:7      | Killed a troll
  5440 | D:7      | Reached skill level 5 in Dodging
  5538 | D:7      | Noticed Pikel
  5543 | D:7      | Noticed Duvessa
  5554 | D:7      | Noticed Dowan
  5590 | D:7      | Killed Pikel
  5591 | D:7      | Reached XP level 10. HP: 69/87 MP: 12/12
  5842 | D:7      | Reached skill level 5 in Fighting
  5901 | D:7      | Killed Dowan
  6134 | D:7      | Reached *** piety under Makhleb
  6302 | D:7      | Killed Duvessa
  6509 | D:7      | Found a hide-covered altar of Uskayaw.
  6706 | D:8      | Noticed a two-headed ogre
  6712 | D:8      | Noticed a cyan ugly thing
  6714 | D:8      | Noticed a red ugly thing
  6723 | D:8      | Killed a two-headed ogre
  6724 | D:8      | Reached skill level 5 in Polearms
  6760 | D:8      | Killed a purple ugly thing
  6796 | D:8      | Killed a red ugly thing
  6955 | D:8      | Identified the +7 chain mail of Lust {-Tele rN+ Will+}
  7268 | D:8      | Noticed a cyclops
  7282 | D:8      | Killed a cyclops
  7283 | D:8      | Reached XP level 11. HP: 67/96 MP: 11/11
  7353 | D:8      | Noticed a centaur warrior
  7373 | D:8      | Killed a centaur warrior
  7566 | D:8      | Found Ocwop's General Store.
  7636 | D:8      | Noticed an oklob plant
  7819 | D:8      | Reached **** piety under Makhleb
  7911 | D:8      | Killed an oklob plant
  8058 | D:9      | Noticed a two-headed ogre
  8083 | D:8      | Killed a two-headed ogre
  8206 | D:9      | Noticed a two-headed ogre
  8221 | D:9      | Killed a two-headed ogre
  8325 | D:10     | Entered Level 10 of the Dungeon
  8325 | D:10     | Noticed a two-headed ogre
  8337 | D:9      | Reached skill level 1 in Spellcasting
  9026 | D:10     | Found a staircase to the Orcish Mines.
  9217 | D:10     | Killed a two-headed ogre
  9285 | D:10     | Found a portal to a secret trove of treasure.
  9409 | D:10     | Noticed a two-headed ogre
  9428 | D:10     | Killed a two-headed ogre
  9488 | D:10     | Found a staircase to the Lair.
  9805 | D:11     | Noticed a boulder beetle
  9817 | D:11     | Noticed a bunyip
  9817 | D:11     | a boulder beetle changed into a bunyip
  9848 | D:11     | Killed a bunyip
  9849 | D:11     | Reached XP level 12. HP: 91/106 MP: 13/13
 11103 | D:12     | Found Ibry Cau's Weapon Boutique.
 11237 | D:12     | Noticed a two-headed ogre
 11256 | D:12     | Killed a two-headed ogre
 11256 | D:12     | Reached ***** piety under Makhleb
 11920 | D:13     | Found a gate leading to a gauntlet.
 11925 | Gauntlet | Entered a Gauntlet
 11925 | Gauntlet | Found a transporter.
 11936 | Gauntlet | Found a transporter.
 11958 | Gauntlet | Found a transporter.
 11960 | Gauntlet | Found a transporter.
 11990 | Gauntlet | Found a transporter.
 11990 | Gauntlet | Noticed a death scarab
 12008 | Gauntlet | Found a transporter.
 12016 | Gauntlet | Found a transporter.
 12034 | Gauntlet | Found a transporter.
 12054 | Gauntlet | Found a transporter.
 12066 | Gauntlet | Found a transporter.
 12078 | Gauntlet | Found a transporter.
 12078 | Gauntlet | Noticed an entropy weaver
 12090 | Gauntlet | Found a transporter.
 12098 | Gauntlet | Noticed a death scarab
 12099 | Gauntlet | Noticed a death scarab
 12102 | Gauntlet | Found a transporter.
 12120 | Gauntlet | Found a transporter.
 12140 | Gauntlet | Found a transporter.
 12185 | Gauntlet | Found a transporter.
 12205 | Gauntlet | Found a transporter.
 12207 | Gauntlet | Found a transporter.
 12245 | Gauntlet | Noticed an ice dragon
 12245 | Gauntlet | a tyrant leech changed into an ice dragon
 12256 | Gauntlet | Noticed an alligator
 12256 | Gauntlet | an ice dragon changed into an alligator
 12272 | Gauntlet | Killed an alligator
 12402 | Gauntlet | Slain by a death scarab

Illustrated notes

Levels and vault maps discovered:
D:1:      eino_arrival_cavern_b, layout_loops_corners, basic_ecumenical_altar,
          hangedman_decor_riveting
D:2:      layout_loops_ring, uniq_crazy_yiuf_cottage
D:3:      layout_basic, kennysheep_generic_room_6
D:4:      layout_cave_pods, minmay_temple_entry_offerings, uniq_eustachio,
          uniq_natasha
D:5:      cheibrodos_helix_gallery, layout_basic, uniq_prince_ribbit1
D:6:      layout_rooms, gup_sewer_entry_pipe, uniq_grinder
D:7:      nzn_winding_woodlands_medium [nzn_winding_woodlands_5x5_default,
          nzn_winding_woodlands_5x15_parted, nzn_winding_woodlands_5x5_cross,
          nzn_winding_woodlands_5x5_three, nzn_winding_woodlands_center_garden,
          nzn_winding_woodlands_5x5_closed_star,
          nzn_winding_woodlands_hourglass, nzn_winding_woodlands_5x15_eye,
          nzn_winding_woodlands_5x5_open_star], layout_basic,
          general_overflow_altar, minmay_misc_feat_secret_circle, uniq_pikel,
          uniq_duvessa
D:8:      lemuel_slime, layout_rooms, serial_shops, nicolae_diamond_shop,
          minmay_shattered_shrine
D:9:      layout_big_octagon, serial_bayou, serial_bayou_pond_d,
          serial_bayou_pond_a, serial_bayou_crossing, serial_bayou_pond_a,
          serial_bayou_pond_c, serial_bayou_pond_a, roderic_serpentine_path
D:10:     layout_long_grid, grunt_lair_entry_orc_guard_hut, orc_0_dummy,
          enter_trove_2
D:11:     layout_gridville
D:12:     layout_roguey, serial_shops, shop
D:13:     layout_loops_ring, gauntlet_entry_generic
Temple:   compressed_dpeg_circular_temple
Gauntlet: gammafunk_gauntlet_one_two_three [gammafunk_gauntlet_arena_spirals,
          nicolae_gauntlet_arena_flowing_pool, gammafunk_gauntlet_arena_teeth,
          nicolae_gauntlet_arena_x, nicolae_gauntlet_arena_blocks,
          gammafunk_gauntlet_arena_chambers, gammafunk_gauntlet_arena_split_x,
          gammafunk_gauntlet_arena_hedges, nicolae_gauntlet_arena_grate_2,
          nicolae_gauntlet_exit_dead_adventurers]

Skill      XL: |  1  2  3  4  5  6  7  8  9 10 11 12 |
---------------+-------------------------------------+-----
Fighting       | 3 4 5 6 7 |  7.0
Axes           | 3 4 5 6 |  6.8
Armour         | 4 5 6 7 |  7.1
Shields        | 4 5 6 7 8 9 |  9.6
Dodging        | 1 2 4 5 6 7 |  7.4
Invocations    | 2 4 6 7 9 |  9.8
Evocations     | 2 4 6 7 8 9 |  9.5
Throwing       | 1 2 |  2.2
Polearms       | 1 4 6 7 9 |  9.1
Stealth        | 1 |  1.0
Spellcasting   | 2 3 |  3.1

Action                   |  1- 3 |  4- 6 |  7- 9 | 10-12 || total
-------------------------+-------+-------+-------+-------++-------
Melee: War axe           |    85 |   177 |    59 |       ||   321
       Spear             |       |       |   406 |  1321 ||  1727
Throw: Dart              |       |     3 |    27 |    23 ||    53
Invok: Lesser Servant of |       |       |       |     1 ||     1
 Abil: Heal Wounds       |     1 |     6 |     6 |    16 ||    29
Evoke: Wand              |       |       |       |     3 ||     3
  Use: Potion            |     2 |     2 |     1 |     2 ||     7
       Scroll            |       |     9 |     2 |     9 ||    20
 Stab: Sleeping          |       |     1 |       |     4 ||     5
       Distracted        |       |       |       |     2 ||     2
Armor: Scale mail        |    31 |    25 |       |       ||    56
       Leather armour    |       |   138 |   160 |   374 ||   672
Dodge: Dodged            |    26 |   130 |   170 |   523 ||   849
       Repelled          |       |     1 |       |     8 ||     9
Block: Kite shield       |    58 |   166 |   263 |   669 ||  1156
